 Dungeon Crawl Stone Soup version 0.29.1-13-g9f3cf754e1 (webtiles) character file.

Game seed: 13412252141126847875

765 Stovokor the Conjurer (level 7, -5/55 HPs)
             Began as a Purple Draconian Conjurer on Jan 25, 2023.
             Was a Believer of Qazlal.
             Slain by a wight
             ... wielding a +2 flail
              (8 damage)
             ... on level 5 of the Dungeon.
             The game lasted 00:18:55 (4126 turns).

Stovokor the Conjurer (Purple Draconian Conjurer)   Turns: 4126, Time: 00:18:56

Health: -5/55      AC:  6    Str:  8 (11) XL:     7   Next: 52%
Magic:  3/14       EV: 12    Int: 18 (19) God:    Qazlal [**....]
Gold:   78         SH:  3    Dex:  8 (9)  Spells: 9/16 levels left

rFire   + . .      SeeInvis .   h - +2 dagger (distort)
rCold   + . .      Faith    .   (no shield)
rNeg    . . .      Spirit   .   (body armour unavailable)
rPois   +          Reflect  .   (helmet restricted)
rElec   +          Harm     .   (no cloak)
rCorr   +          Rampage  .   (no gloves)
Will    +....                   (no boots)
Stlth   ++........              (no amulet)
HPRegen 0.18/turn               (no ring)
MPRegen 0.14/turn               (no ring)

@: brilliant, short of breath, resistant, attractive, flying
A: breathe power, AC +6, unfitting armour, cold-blooded
a: Breathe Dispelling Energy, Renounce Religion, Upheaval


You were on level 5 of the Dungeon.
You worshipped Qazlal.
Qazlal was pleased with you.
You visited 1 branch of the dungeon, and saw 5 of its levels.

You collected 214 gold pieces.
You spent 136 gold pieces at shops.

Inventory:

Hand Weapons
 f - a +1 dagger of speed
 h - a +2 dagger of distortion (weapon)
Scrolls
 c - a scroll of poison
 g - a scroll of noise
 i - a scroll of enchant armour
 l - a scroll of fog {unknown}
 p - a scroll of torment {unknown}
 q - a scroll of enchant weapon {unknown}
 s - a scroll of amnesia
 t - a scroll of magic mapping
Potions
 a - a potion of invisibility {unknown}
 d - a potion of mutation {unknown}
 e - a potion of heal wounds {unknown}
 j - a potion of resistance
 m - a potion of attraction
 n - a potion of brilliance


   Skills:
 * Level 2.0 Fighting
 * Level 1.4 Short Blades
 * Level 3.1 Dodging
 * Level 2.9 Stealth
 * Level 5.0 Spellcasting
 * Level 5.3 Conjurations
 * Level 1.7 Hexes
 * Level 1.4 Transmutations
 * Level 2.0 Ice Magic
 * Level 1.1 Poison Magic
 * Level 1.5 Invocations


You had 9 spell levels left.
You knew the following spells:

 Your Spells              Type           Power      Damage    Failure   Level
a - Spider Form           Tmut/Pois      13%        N/A       24%         3
b - Searing Ray           Conj           70%        2d7       2%          2
c - Ensorcelled Hibernat  Hex/Ice        34%        N/A       10%         2

Your spell library contained the following spells:

 Spells                   Type           Power      Damage    Failure   Level
 Magic Dart               Conj           100%       1d8       1%          1
 Dazzling Flash           Conj/Hex       52%        N/A       10%         3
 Confusing Touch          Hex            16%        N/A       19%         3
 Fulminant Prism          Conj/Hex       13%        3d9       30%         4
 Gell's Gravitas          Tloc           6%         N/A       36%         3
 Lesser Beckoning         Tloc           6%         N/A       36%         3
 Teleport Other           Tloc           6%         N/A       36%         3
 Iskenderun's Mystic Bla  Conj/Tloc      21%        2d6       41%         4
 Anguish                  Hex/Necr       5%         N/A       67%         4
 Yara's Violent Unravell  Hex/Tmut       7%         3d5       88%         5
 Enfeeble                 Hex            8%         N/A       100%        7


Dungeon Overview and Level Annotations

Branches:
Dungeon (5/15)
 Temple: D:4-7

Altars:
Cheibriados
Hepliaklqana
Okawaru
Qazlal
Sif Muna
Trog

Shops:
D:4 *

Annotations:
D:3 1 runed translucent door, AverageBear's ghost, amateur FoFi


Innate Abilities, Weirdness & Mutations

You can breathe bolts of dispelling energy.
Your rich purple scales are hard. (AC +6)
You cannot fit into any form of body armour.
You are cold-blooded and may be slowed by cold attacks.


Message History

The ufetubus hits you but does no damage.
The ufetubus misses you.
You feel better. The ufetubus barely misses you. The ufetubus misses you.
The ogre barely misses you. The wight closely misses you.
The ufetubus closely misses you.
The ufetubus hits you but does no damage.
It was a potion of brilliance.
You feel clever all of a sudden. You block the wight's attack.
The ufetubus closely misses you. The ufetubus barely misses you.
The ogre hits you with a +0 giant club!
* * * LOW HITPOINT WARNING * * *
It was a potion of attraction.
You feel attractive to monsters. The ufetubus completely misses you.
You block the ufetubus's attack. The wight barely misses you.
The ufetubus barely misses you.
The ufetubus hits you but does no damage.
It was a potion of resistance.
You feel protected.
The ogre is engulfed in blazing flames.
The ogre barely misses you. You block the wight's attack.
The ufetubus completely misses you. x2
It was a potion of degeneration.
There was something very wrong with that liquid.
You feel weakened.
You feel dopey.
You feel clumsy. The ufetubus hits you.
* * * LOW HITPOINT WARNING * * *
The ufetubus hits you.
* * * LOW HITPOINT WARNING * * *
The wight hits you but does no damage. The wight barely misses you.
The ogre is engulfed in blazing flames.
You kill the ogre!
Qazlal accepts your kill.
The ufetubus hits you but does no damage.
You block the ufetubus's attack.
Your Spellcasting skill increases to level 5!
Your Ice Magic skill increases to level 2!
It was a potion of flight.
You feel very buoyant.
You fly up into the air.
The wight hits you but does no damage. The wight hits you with a +2 flail!
You die...

.....z. ### ....z.O##
..#####
........########.....#
........##...........#
................(...#
........#.z...^.<...#
........##○.[.......#
.......z5@z.........#
......$.##z.........#
..............†.....#
........#...........#
..........###########
........### .......##
......#


You could see 4 wights and an ufetubus.

Vanquished Creatures
  A water moccasin (D:4)
  A black bear (D:4)
  An ogre (D:5)
  2 scorpions (D:5)
  A wight (D:5)
  2 hounds (D:4)
  An iguana (D:5)
  An orc wizard (D:4)
  6 adders
  A worm (D:3)
  2 dart slugs
  4 orcs (D:4)
  7 bats
  5 endoplasms
  4 giant cockroaches
  3 goblins (D:1)
  3 hobgoblins
  4 jackals (D:1)
  8 kobolds
  7 ball pythons
  2 frilled lizards (D:1)
  8 rats
74 creatures vanquished.

Notes
Turn   | Place    | Note
-------+----------+-------------------------------------------
     0 | D:1      | Stovokor the Draconian Conjurer began the quest for the
                  | Orb.
     0 | D:1      | Reached XP level 1. HP: 14/14 MP: 3/3
   344 | D:1      | Reached XP level 2. HP: 12/20 MP: 0/5
   347 | D:1      | Learned a level 2 spell: Searing Ray
  1435 | D:3      | Reached XP level 3. HP: 26/26 MP: 2/6
  1461 | D:3      | Found a faded altar of an unknown god.
  1464 | D:3      | Prayed at the altar of an unknown god.
  1464 | D:3      | Became a worshipper of Qazlal Stormbringer
  1464 | D:3      | Reached * piety under Qazlal
  1820 | D:3      | Found a runed translucent door.
  1825 | D:3      | Noticed AverageBear's ghost (amateur FoFi)
  1893 | D:3      | Learned a level 2 spell: Ensorcelled Hibernation
  2515 | D:1      | Reached XP level 4. HP: 27/34 MP: 0/7
  2821 | D:1      | Learned a level 3 spell: Spider Form
  3076 | D:4      | Found an iron altar of Okawaru.
  3077 | D:4      | Found a shimmering blue altar of Sif Muna.
  3077 | D:4      | Found a bloodstained altar of Trog.
  3086 | D:4      | Found a snail-covered altar of Cheibriados.
  3096 | D:4      | Reached skill level 1 in Fighting
  3096 | D:4      | Reached ** piety under Qazlal
  3096 | D:4      | Noticed a black bear
  3119 | D:4      | Killed a black bear
  3120 | D:4      | Reached skill level 5 in Conjurations
  3120 | D:4      | Reached XP level 5. HP: 22/40 MP: 3/9
  3310 | D:4      | Reached skill level 1 in Short Blades
  3463 | D:4      | Found a hazy altar of Hepliaklqana.
  3503 | D:4      | Noticed a water moccasin
  3522 | D:4      | Killed a water moccasin
  3523 | D:4      | Reached skill level 1 in Hexes
  3523 | D:4      | Reached skill level 1 in Ice Magic
  3523 | D:4      | Reached skill level 1 in Invocations
  3523 | D:4      | Reached XP level 6. HP: 30/47 MP: 1/10
  3756 | D:4      | Found Hiatoc's General Store.
  3774 | D:4      | Bought a potion of curing for 39 gold pieces
  3774 | D:4      | Bought a scroll of magic mapping for 97 gold pieces
  4074 | D:5      | Entered Level 5 of the Dungeon
  4083 | D:5      | Reached skill level 1 in Transmutations
  4086 | D:5      | Your scales start taking on a rich purple colour.
  4086 | D:5      | Reached XP level 7. HP: 38/53 MP: 3/13
  4088 | D:5      | Reached skill level 1 in Poison Magic
  4119 | D:5      | HP: 1/55 [ogre/+0 giant club (18)]
  4126 | D:5      | Reached skill level 5 in Spellcasting
  4126 | D:5      | Slain by a wight

Illustrated notes

Levels and vault maps discovered:
D:1:      psy_arrival_whirlpool, layout_basic
D:2:      layout_loops_ring
D:3:      layout_basic, ebering_ghost_inner_flame,
          hellmonk_ecumenical_altar_inner_sanctum,
          amcnicky_mini_corridor_feature, due_unseen_surprise
D:4:      layout_cave_pools, chequers_temple_overflow_statue_of_worship,
          nicolae_hepliaklqana_hippocampus, serial_glass, glass_columns_a,
          glass_columns_b, glass_columns_a, glass_columns_c, glass_columns_b,
          serial_shops, nicolae_diamond_shop, dreamdust_princess_bridge,
          minmay_misc_feat_encased
D:5:      layout_rooms, kennysheep_mini, dancing_weapons_uskayaw,
          gammafunk_ghost_hive, uniq_pikel

Skill      XL: |  1  2  3  4  5  6  7 |
---------------+----------------------+-----
Stealth        | 2 |  2.9
Dodging        | 2 3 |  3.1
Fighting       | 1 2 |  2.0
Conjurations   | 5 |  5.3
Short Blades   | 1 |  1.4
Spellcasting   | 3 4 5 |  5.0
Hexes          | 1 |  1.7
Ice Magic      | 1 2 |  2.0
Invocations    | 1 |  1.5
Transmutations | 1 |  1.4
Poison Magic   | 1 |  1.1

Action                   |  1- 3 |  4- 6 |  7- 9 || total
-------------------------+-------+-------+-------++-------
Melee: Unarmed           |     1 |       |       ||     1
       Dagger            |    10 |    22 |     1 ||    33
       Tailslap          |       |     3 |       ||     3
 Cast: Magic Dart        |    20 |       |       ||    20
       Searing Ray       |    28 |    21 |     1 ||    50
       Ensorcelled Hiber |     1 |     1 |       ||     2
Invok: Upheaval          |       |     1 |       ||     1
 Abil: Breathe Dispellin |       |       |     2 ||     2
  Use: Scroll            |     8 |     3 |       ||    11
       Potion            |       |     1 |     8 ||     9
 Stab: Sleeping          |     1 |       |       ||     1
Armor: Skin              |    21 |    14 |     9 ||    44
Dodge: Dodged            |    54 |    24 |    23 ||   101
Block: Other             |       |     2 |     4 ||     6
